 Dungeon Crawl Stone Soup version 0.23-a0-416-g33f1def (webtiles) character file.

154 nujazz the Chopper (level 5, 0/47 HPs)
             Began as a Minotaur Berserker on Nov 9, 2018.
             Was a Believer of Trog.
             Slain by a gnoll
             ... wielding a +1 halberd of flaming
              (2 damage)
             ... on level 3 of the Dungeon.
             The game lasted 00:04:21 (1835 turns).

nujazz the Chopper (Minotaur Berserker)             Turns: 1835, Time: 00:04:23

Health: 0/47       AC:  5    Str: 22    XL:     5   Next: 13%
Magic:  4/4        EV: 12    Int:  4    God:    Trog [**....]
Gold:   91         SH:  0    Dex: 10    Spells: 4/4 levels left

rFire    . . .     SeeInvis .   a - +0 hand axe
rCold    . . .     Gourm    .   (no shield)
rNeg     . . .     Faith    .   g - +0 ring mail
rPois    .         Spirit   .   (helmet restricted)
rElec    .         Reflect  .   (no cloak)
rCorr    .         Harm     .   (no gloves)
MR       .....                  (no boots)
Stlth    ..........             (no amulet)
HPRegen  0.15/turn              (no ring)
MPRegen  0.09/turn              (no ring)

@: lethally poisoned (0 -> -9), berserk cooldown, starving, slowed, very slow
A: retaliatory headbutt, horns 2
a: Berserk, Trog's Hand, Renounce Religion


You were on level 3 of the Dungeon.
You worshipped Trog.
Trog was pleased with you.
You were starving.

You visited 1 branch of the dungeon, and saw 3 of its levels.

You collected 91 gold pieces.

Inventory:

Hand Weapons
 a - a +0 hand axe (weapon)
Missiles
 l - 5 javelins of penetration
 p - 7 tomahawks (quivered)
Armour
 g - a +0 ring mail (worn)
Wands
 j - a wand of polymorph (5)
Scrolls
 b - 2 scrolls of noise {unknown}
 k - a scroll of teleportation
 n - a scroll of amnesia {unknown}
 o - a scroll of blinking {unknown}
Potions
 d - a potion of curing {unknown}
 e - 2 potions of mutation
 f - a potion of agility {unknown}
 i - 2 potions of lignification
 m - a potion of heal wounds {unknown}
Comestibles
 c - 2 rations


   Skills:
 + Level 4.8 Fighting
 * Level 5.5 Axes
 - Level 2.5 Armour
 + Level 3.3 Dodging


You had 4 spell levels left.
You didn't know any spells.
Your spell library was empty.

Dungeon Overview and Level Annotations

Branches:
Dungeon (3/15)

Altars:
Cheibriados
Hepliaklqana


Innate Abilities, Weirdness & Mutations

You reflexively headbutt those who attack you in melee.
You have a pair of horns on your head.


Message History

Found a scroll of identify.
Things that are here:
a +0 flail; a gnoll corpse You hit the gnoll.
The gnoll is lightly wounded.
Your skin stops crawling.
You feel less resistant to hostile enchantments.
You feel sick.
The gnoll hits you with a +1 halberd of flaming!
* * * LOW HITPOINT WARNING * * *
The gnoll burns you.
* * * LOW HITPOINT WARNING * * *
You hit the gnoll but do no damage. Your headbutt misses the gnoll.
The gnoll is lightly wounded.
* * * LOW HITPOINT WARNING * * *
You feel sick.
The gnoll hits you with a +1 halberd of flaming.
* * * LOW HITPOINT WARNING * * *
The gnoll burns you.
You die...

.................. ....
#.......#####....# ....
.......#####..... .....
..... #...#..... .....
... #......... ......
#.# #...#.#.#.
......####.####.........
.>.....).........#.#.#.#
.......@................
......g..#.####.#.#.#.#.
......#.....# #.........
......#........#.#.#.#.#
..... #........ .......
?.... #.......#.#.#.# #
#... #........ .... #...
.......#.


You could see a gnoll.

Vanquished Creatures
  An orc priest (D:3)
  A worker ant (D:2)
  3 gnolls (D:3)
  An adder (D:2)
  A worm (D:2)
  2 leopard geckos
  2 orcs (D:3)
  7 bats
  4 giant cockroaches
  7 goblins
  6 hobgoblins (D:1)
  4 jackals (D:3)
  5 kobolds
  A quokka (D:3)
  A ball python (D:2)
  2 frilled lizards (D:2)
  10 rats
58 creatures vanquished.

Notes
Turn   | Place    | Note
-------+----------+-------------------------------------------
     0 | D:1      | nujazz the Minotaur Berserker began the quest for the Orb.
     0 | D:1      | Reached XP level 1. HP: 19/19 MP: 0/0
   175 | D:1      | Reached XP level 2. HP: 23/27 MP: 1/1
   228 | D:1      | Reached skill level 4 in Axes
   616 | D:1      | Reached ** piety under Trog
   631 | D:1      | Reached XP level 3. HP: 29/33 MP: 2/2
  1417 | D:2      | Found a snail-covered altar of Cheibriados.
  1421 | D:2      | Reached XP level 4. HP: 41/41 MP: 3/3
  1686 | D:3      | Reached skill level 5 in Axes
  1746 | D:3      | Found a hazy altar of Hepliaklqana.
  1830 | D:3      | Reached XP level 5. HP: 47/47 MP: 4/4
  1835 | D:3      | HP: 2/47 [gnoll/+1 halberd of flaming (5)]
  1835 | D:3      | Slain by a gnoll

Vault maps used:
D:1:      minmay_arrival_stone_box, glass_columns_c
D:2:      nicolae_overflow_hidden_temple, minmay_tetromino_s4
D:3:      nicolae_overflow_crystal_walls, lightli_sewer_entry_pipes,
          first_ration, hex_large

Skill      XL: |  1  2  3  4 |
---------------+-------------+-----
Axes           | 4 5 |  5.5
Fighting       | 4 |  4.8
Dodging        | 3 |  3.3
Armour         | |  2.5

Action                   |  1- 3 |  4- 6 || total
-------------------------+-------+-------++-------
Melee: Hand axe          |    81 |    36 ||   117
       Headbutt          |     7 |     2 ||     9
Throw: Javelin           |     2 |     3 ||     5
Invok: Trog's Hand       |       |     2 ||     2
       Berserk           |       |     1 ||     1
  Use: Scroll            |       |     3 ||     3
  Eat: Chunk             |       |     2 ||     2
Armor: Animal skin       |     8 |       ||     8
       Ring mail         |    15 |     8 ||    23
Dodge: Dodged            |    56 |    29 ||    85

Table legend:
 A = Non-vault XP
 B = Vault XP
 C = Vault XP percentage of total XP
 D = Non-vault monster count
 E = Vault monster count
 F = Vault count percentage of total count
                 A         B        C        D         E       F
            +---------+---------+-------+---------+---------+-------
      Total |     218 |       2 |   0.9 |      56 |       2 |   3.4
            +---------+---------+-------+---------+---------+-------
        D:1 |      47 |       0 |   0.0 |      27 |       0 |   0.0
        D:2 |      64 |       2 |   3.0 |      14 |       2 |  12.5
        D:3 |     107 |       0 |   0.0 |      15 |       0 |   0.0
            +---------+---------+-------+---------+---------+-------
